[Event "Team 45 45 League T66"]
[Site "Internet Chess Club"]
[Date "2015.09.15"]
[Round "2"]
[White "elmaestro"]
[Black "nanning"]
[Result "1/2-1/2"]
[WhiteElo "1764"]
[BlackElo "1689"]
[Opening "Queen's pawn game"]
[ECO "D00"]
[Time "13:14:57"]
[TimeControl "2700+45"]

1. d4 d5 2. e3 g6 3. Bd3 Bg7 4. f4 Nf6 5. Nd2 Nbd7 6. Ngf3 c5 7. c3 O-O 8. O-O
cxd4 9. exd4 b6 10. Ne5 Bb7 11. Qf3 e6 12. g4 Rb8 13. g5 Ne8 14. b3 f5 15. Qg3
Nxe5 16. fxe5 Rc8 17. Bb2 Rf7 18. Kh1 Bf8 19. Qf4 Ng7 20. Be2 Be7 21. Rg1 Qf8
22. Rg3 Ba3 23. Rb1 Bxb2 24. Rxb2 Qa3 25. Rc2 Rfc7 26. Rh3 Qe7 27. Qh4 h5 28.
gxh6 Qxh4 29. Rxh4 Nh5 30. Bxh5 gxh5 31. Nb1 b5 32. Rxh5 b4 33. Rh3 a5 34. Kg2
Kh7 35. Kf3 Rg8 36. Rg3 Rxg3+ 37. hxg3 Kxh6 38. Kf4 Ba6 39. Rh2+ Kg6 40. cxb4
axb4 41. a3 Bd3 42. Rh1 bxa3 43. Nxa3 Rc3 44. Nb1 Rxb3 45. Nd2 Rb4 46. Nf3 Be4
47. Nh4+ Kf7 48. Rd1 {Game drawn by mutual agreement} 1/2-1/2

[Event "Team 45 45 League T66"]
[Site "Internet Chess Club"]
[Date "2015.09.10"]
[Round "2"]
[White "tightfist"]
[Black "pishd"]
[Result "0-1"]
[WhiteElo "1540"]
[BlackElo "1788"]
[Opening "Réti opening"]
[ECO "A05"]
[Time "10:26:11"]
[TimeControl "2700+45"]

1. Nf3 Nf6 2. b4 e6 3. a3 d5 4. e3 Bd6 5. Bb2 Nbd7 6. Be2 O-O 7. O-O e5 8. d3
Re8 9. Nbd2 c6 10. c4 b6 11. Rc1 Bb7 12. Qb3 Qe7 13. Rfe1 a5 14. cxd5 cxd5 15.
bxa5 Nc5 16. Qxb6 Na4 17. Qb3 Nxb2 18. Ra1 Nxd3 19. Bxd3 Rxa5 20. e4 Rea8 21.
exd5 Bxd5 22. Bc4 Rb8 23. Qc3 Rc5 24. Nxe5 Bxe5 25. Qxe5 Qd8 26. Red1 Rbc8 27.
Bxd5 Rxd5 28. Qb2 Ne4 29. h3 Rxd2 30. Rxd2 Qxd2 31. Qb6 Rc1+ 32. Kh2 h6 33. Rxc1
Qxc1 34. Qd8+ Kh7 35. Qd3 Qf4+ 36. Kh1 f5 37. Qf3 Qxf3 38. gxf3 Nxf2+ 39. Kg2
Nd3 40. a4 g5 41. a5 Nb4 42. Kg3 h5 43. h4 f4+ 44. Kh3 Kg6 45. hxg5 Kxg5 46. Kg2
Kf5 47. Kh3 Ke5 48. Kh4 Kd4 49. Kxh5 Ke3 50. Kg4 Na6 51. Kh3 Kxf3 52. Kh2 Ke2
53. Kg2 f3+ 54. Kg1 f2+ {White resigns} 0-1